 Dungeon Crawl Stone Soup version 0.31-a0-204-g7da18cac08 (webtiles) character file.

Game seed: 15046510794145446943

91 qw the Shooter (level 4, -2/25 HPs)
             Began as a Deep Elf Hunter on June 27, 2023.
             Slain by a sky beast (5 damage)
             ... on level 3 of the Dungeon.
             The game lasted 00:00:42 (1752 turns).

qw the Shooter (Deep Elf Hunter)                    Turns: 1752, Time: 00:00:42

Health: -2/25      AC:  7    Str: 10    XL:     4   Next: 33%
Magic:  6/6        EV: 11    Int: 14    God:
Gold:   97         SH:  0    Dex: 18    Spells: 3/3 levels left

rFire   + . .        Y - +0 shortbow
rCold   . . .        (shield currently unavailable)
rNeg    . . .        e - +2 ring mail {rF+}
rPois   .            (no helmet)
rElec   .            (no cloak)
rCorr   .            (no gloves)
SInv    .            (no boots)
Will    .....        (no amulet)
Stlth   +            (no ring)
HPRegen 0.24/turn    (no ring)
MPRegen 0.10/turn

%: no passive effects
@: about to teleport
A: no striking features
a: no special abilities


You were on level 3 of the Dungeon.
You visited 1 branch of the dungeon, and saw 3 of its levels.

You collected 97 gold pieces.


   Skills:
 - Level 1.5 Fighting
 + Level 7.7 Ranged Weapons
 - Level 2.4 Dodging
 - Level 1.2 Stealth


You had 3 spell levels left.
You didn't know any spells.
Your spell library was empty.

Inventory:

Hand Weapons
 Y - a +0 shortbow (weapon)
Armour
 e - a +2 ring mail of fire resistance (worn)
Wands
 a - a wand of digging (2)
Potions
 b - 3 potions of curing {unknown}
 d - a potion of degeneration {unknown}
 g - a potion of attraction {unknown}

Dungeon Overview and Level Annotations

Branches:
Dungeon (3/15)

Altars:
Qazlal


Message History

You kill the rat!
You shoot an arrow. The arrow hits the hobgoblin.
You kill the hobgoblin!
d - a yellow potion
b - 3 murky emerald potions (gained 2)
You see here a +0 club.
A sky beast comes into view.
Found a stormy altar of Qazlal.
You shoot an arrow. The arrow hits the sky beast.
The sky beast is lightly wounded.
You shoot an arrow. The arrow barely misses the sky beast.
You shoot an arrow. The arrow closely misses the sky beast.
You shoot an arrow. The arrow hits the sky beast!
The sky beast is heavily wounded.
You shoot an arrow.
The arrow hits the sky beast but does no damage.
The sky beast is heavily wounded.
The sky beast hits you. The sky beast shocks you.
You shoot an arrow. The arrow closely misses the sky beast.
The sky beast barely misses you.
You shoot an arrow. The arrow hits the sky beast.
The sky beast is heavily wounded.
The sky beast barely misses you. x2
You shoot an arrow. The arrow hits the sky beast.
The sky beast is heavily wounded.
The sky beast closely misses you.
You shoot an arrow. The arrow misses the sky beast.
The sky beast hits you. The sky beast shocks you.
You shoot an arrow. The arrow hits the sky beast!
The sky beast is severely wounded.
The sky beast hits you. The sky beast shocks you.
1750 ||| READING scroll of teleportation.
As you read the scroll of teleportation, it crumbles to dust.
You feel strangely unstable.
The sky beast hits you but does no damage.
You shoot an arrow. The arrow closely misses the sky beast.
The sky beast hits you but does no damage.
You shoot an arrow. The arrow barely misses the sky beast.
The sky beast hits you. The sky beast shocks you.
You die...

#########..
.........#.#
.........#.#
.........#.#
....%....#.#
.........#.#
...........## #
.........)..#####.####.
..........#....@Y......
.........<#######....#.
........>## ..#..
##.#####.# #... # #.#
.._ #.# .. #.# . #.#
#.#


You could see a sky beast.

Vanquished Creatures
  Robin (D:2)
  An adder (D:2)
  2 worms (D:2)
  3 endoplasms (D:2)
  3 giant cockroaches
  12 goblins
  5 hobgoblins
  6 jackals
  6 kobolds
  A quokka (D:1)
  7 ball pythons
  8 bats
  4 rats
59 creatures vanquished.

Notes
Turn   | Place    | Note
-------+----------+-------------------------------------------
     0 | D:1      | qw the Deep Elf Hunter began the quest for the Orb.
     0 | D:1      | Reached XP level 1. HP: 12/12 MP: 3/3
     0 | D:1      | 0 ||| qw: Version: 0.3-a-22-g0ed2b0b
     0 | D:1      | 0 ||| qw: Game counter: 6458
     0 | D:1      | 0 ||| qw: Melee chars always use a shield: true
     0 | D:1      | 0 ||| qw: God list: Okawaru
     0 | D:1      | 0 ||| qw: Allow faded altars: false
     0 | D:1      | 0 ||| qw: Do Orc after clearing Dungeon:15 true
     0 | D:1      | 0 ||| qw: Do second Lair branch before Depths: true
     0 | D:1      | 0 ||| qw: Lair rune preference: random
     0 | D:1      | 0 ||| qw: Goals: Normal
     0 | D:1      | 0 ||| PLANNING D:1-11
    59 | D:1      | Reached XP level 2. HP: 16/16 MP: 4/4
    68 | D:1      | Reached skill level 6 in Ranged Weapons
   595 | D:1      | Reached XP level 3. HP: 20/20 MP: 5/5
   955 | D:1      | 955 ||| UPGRADING to +2 ring mail of fire resistance.
   965 | D:1      | 965 ||| DROPPING +0 leather armour.
   966 | D:1      | 966 ||| READING scroll labelled KAENLA CIETIL.
   971 | D:1      | 971 ||| READING scroll labelled VUKE CIYCEMANUV.
   972 | D:1      | 972 ||| READING scroll labelled QUGAZOAMPU.
   973 | D:1      | 973 ||| DROPPING scroll of butterflies.
  1086 | D:2      | Reached skill level 7 in Ranged Weapons
  1120 | D:2      | Identified the -2 helmet of the Pleiades {rN+ MP-9 Int+5}
  1120 | D:2      | Noticed Robin
  1131 | D:2      | 1131 ||| Stepping ~*~*~tactically~*~*~ (outnumbered).
  1135 | D:2      | HP: 5/20 [jackal (3)]
  1136 | D:2      | 1136 ||| READING scroll of teleportation.
  1136 | D:2      | HP: 1/20 [jackal (2)]
  1317 | D:2      | Reached XP level 4. HP: 25/25 MP: 6/6
  1449 | D:2      | Killed Robin
  1662 | D:2      | Found a faded altar of an unknown god.
  1739 | D:3      | Found a stormy altar of Qazlal.
  1739 | D:3      | Noticed a sky beast
  1749 | D:3      | HP: 5/25 [sky beast (5)]
  1750 | D:3      | 1750 ||| READING scroll of teleportation.
  1752 | D:3      | Slain by a sky beast

Levels and vault maps discovered:
D:1:      minmay_arrival_four_circles, layout_basic
D:2:      layout_loops_ring, ebering_ecumenical_altar_hall, uniq_robin
D:3:      layout_rooms, nicolae_qazlal_beasts_of_the_sky,
          ebering_ghost_inner_flame, lemuel_flame_loot_1

Skill      XL: |  1  2  3 |
---------------+----------+-----
Ranged Weapons | 6 7 |  7.7
Fighting       | |  1.5
Dodging        | |  2.4
Stealth        | |  1.2

Action                     |  1- 3 |  4- 6 || total
---------------------------+-------+-------++-------
   Fire: Shortbow          |   151 |    33 ||   184
    Use: Scroll            |     4 |     1 ||     5
 Armour: Leather armour    |    13 |       ||    13
         Ring mail         |    24 |     3 ||    27
  Dodge: Dodged            |    59 |     7 ||    66

Table legend:
 A = Non-vault XP
 B = Vault XP
 C = Vault XP percentage of total XP
 D = Non-vault monster count
 E = Vault monster count
 F = Vault count percentage of total count
                 A         B        C        D         E       F
            +---------+---------+-------+---------+---------+-------
      Total |     103 |      27 |  20.8 |      51 |       8 |  13.6
            +---------+---------+-------+---------+---------+-------
        D:1 |      47 |       0 |   0.0 |      30 |       0 |   0.0
        D:2 |      51 |      27 |  34.6 |      18 |       8 |  30.8
        D:3 |       5 |       0 |   0.0 |       3 |       0 |   0.0
            +---------+---------+-------+---------+---------+-------
